 Dungeon Crawl Stone Soup version 0.22.1-1-ga44c0e56f4 (webtiles) character file.

226 JedernureinKreuz the Conjurer (level 5, -3/38 HPs)
             Began as a Demigod Conjurer on Sept 22, 2018.
             Slain by a bullfrog (6 damage)
             ... in a sewer.
             The game lasted 00:10:23 (2280 turns).

JedernureinKreuz the Conjurer (Demigod Conjurer)    Turns: 2280, Time: 00:10:23

Health: -3/38      AC:  4    Str: 11    XL:     5   Next: 41%
Magic:  0/11       EV: 13    Int: 21    God:
Gold:   165        SH:  0    Dex: 16    Spells: 8/9 levels left

rFire    . . .     SeeInvis .   e - +0 short sword (curse)
rCold    . . .     Gourm    .   (no shield)
rNeg     . . .     Faith    .   a - +0 robe
rPois    .         Spirit   .   l - +1 helmet
rElec    .         Reflect  .   (no cloak)
rCorr    .         Harm     .   (no gloves)
MR       .....                  (no boots)
Stlth    ++........             (no amulet)
HPRegen  0.12/turn              (no ring)
MPRegen  0.12/turn              (no ring)

@: no status effects
A: high mp 1
a: no special abilities


You were in a sewer.
You were not hungry.

You visited 1 branch of the dungeon, and saw 3 of its levels.
You also visited: Sewer.

You collected 165 gold pieces.

Inventory:

Hand Weapons
 e - a cursed +0 short sword (weapon)
 o - a +1 dagger of venom
Armour
 a - a +0 robe (worn)
 l - a +1 helmet (worn)
Jewellery
 f - an uncursed ring of see invisible {unknown}
Scrolls
 b - 3 scrolls of remove curse {unknown}
 j - 3 scrolls of identify {unknown}
 n - a scroll of enchant armour {unknown}
 p - a scroll of blinking {unknown}
 q - a scroll of random uselessness {unknown}
Potions
 d - a potion of agility {unknown}
 g - a potion of experience {unknown}
 h - a potion of flight {unknown}
 i - a potion of degeneration {unknown}
 k - a potion of resistance {unknown}
Comestibles
 c - 5 rations
 m - 10 chunks of flesh


   Skills:
 + Level 2.0 Short Blades
 + Level 2.8 Dodging
 + Level 3.0 Stealth
 + Level 2.7 Spellcasting
 + Level 4.4 Conjurations


You had 8 spell levels left.
You knew the following spells:

 Your Spells              Type           Power        Failure   Level  Hunger
a - Magic Dart            Conj           ###.         2%          1    None

Your spell library contained the following spells:

 Spells                   Type           Power        Failure   Level  Hunger
 Searing Ray              Conj           ###...       3%          2    ##.....
 Dazzling Spray           Conj/Hex       ##....       17%         3    ###....
 Iskenderun's Mystic Bla  Conj           ###.....     22%         4    ####...
 Force Lance              Conj/Tloc      ##......     50%         4    ####...
 Fulminant Prism          Conj/Hex       ##........   50%         4    ####...


Dungeon Overview and Level Annotations

Branches:
Dungeon (3/15)


Innate Abilities, Weirdness & Mutations

You have an increased reservoir of magic. (+10% MP)


Message History

Confirm with . or Enter, or press ? or * to list all spells.
Aiming: Magic Dart (safe; 2% risk of failure)
Press: ? - help, Shift-Dir - straight line, f - bullfrog
Aim: a bullfrog The magic dart hits the bullfrog.
The bullfrog is lightly wounded.
The bullfrog barely misses you. x2
Casting: Magic Dart (safe; 2% risk of failure)
Confirm with . or Enter, or press ? or * to list all spells.
Aiming: Magic Dart (safe; 2% risk of failure)
Press: ? - help, Shift-Dir - straight line, f/p - bullfrog
Aim: a bullfrog (lightly wounded)
The magic dart hits the bullfrog.
The bullfrog is moderately wounded.
The bullfrog hits you!
* * * LOW HITPOINT WARNING * * *
You closely miss the bullfrog.
The bullfrog is moderately wounded.
The bullfrog hits you.
You die...

#.≈≈.≈#####≈≈..≈##
#..≈###.≈≈###.≈≈≈#
##≈.##≈≈.≈.≈.##.≈≈#
##≈≈##≈≈≈≈≈≈≈≈.##≈÷##
#≈≈≈≈≈≈≈≈.≈.....#≈≈.#
#≈..≈≈#######≈≈≈##≈.#
#######≈###≈≈≈.≈##≈≈≈#≈.##
#≈≈≈≈≈###≈≈≈≈≈≈≈≈##≈≈#.≈.#
#≈≈..≈#.≈≈≈@.≈..≈≈#≈≈##.≈#
#≈≈÷≈≈#.†##.F...≈≈##≈.#≈≈#
#.≈#≈.#≈.#≈≈÷..).≈≈#≈≈#≈≈#
#≈≈#≈≈#≈≈#≈≈≈≈$$.≈≈#..#≈≈#
#≈≈#.##≈≈#≈≈.≈..≈≈≈#≈≈#≈.#
#.≈#.#.≈≈#≈≈≈≈..≈≈≈#≈.#≈≈#
#.≈#≈#∩≈≈#≈≈≈≈≈..≈≈#≈≈#.≈#
#≈≈#.#..≈##≈≈≈.≈≈≈##≈≈#.≈#
#..#≈###≈≈#≈≈≈.≈≈≈#≈≈##≈≈#


You could see a bullfrog.

Vanquished Creatures
  A bullfrog (Sewer)
  5 adders
  5 oozes (Sewer)
  3 worms
  2 dart slugs
  9 leopard geckos
  13 giant cockroaches
  6 goblins
  2 hobgoblins (D:1)
  7 ball pythons
  A bat (D:3)
  21 frilled lizards
  5 kobolds
  4 rats
84 creatures vanquished.

Notes
Turn   | Place    | Note
-------+----------+-------------------------------------------
     0 | D:1      | JedernureinKreuz the Demigod Conjurer began the quest for
                  | the Orb.
     0 | D:1      | Reached XP level 1. HP: 14/14 MP: 5/5
   222 | D:1      | Found a shimmering altar of Xom.
   296 | D:1      | Reached XP level 2. HP: 12/20 MP: 4/7
   364 | D:1      | You fall through a shaft!
   552 | D:2      | Reached XP level 3. HP: 23/26 MP: 0/8
   646 | D:2      | Reached skill level 4 in Conjurations
   754 | D:2      | Reached skill level 1 in Short Blades
  1506 | D:3      | Found a glowing drain.
  1562 | Sewer    | Entered a sewer
  1674 | Sewer    | Reached XP level 4. HP: 29/33 MP: 5/10
  2244 | Sewer    | Reached XP level 5. HP: 38/38 MP: 6/11
  2280 | Sewer    | Slain by a bullfrog

Skill      XL: |  1  2  3  4  5 |
---------------+----------------+-----
Dodging        | 2 |  2.8
Stealth        | 2 3 |  3.0
Spellcasting   | 2 |  2.7
Conjurations   | 4 |  4.4
Short Blades   | 1 2 |  2.0

Action                   |  1- 3 |  4- 6 || total
-------------------------+-------+-------++-------
Melee: Short sword       |    67 |    46 ||   113
 Cast: Magic Dart        |    78 |    79 ||   157
 Stab: Sleeping          |     1 |       ||     1
  Eat: Chunk             |     3 |     2 ||     5
Armor: Robe              |    12 |    17 ||    29
Dodge: Dodged            |    48 |    59 ||   107
